 Dungeon Crawl Stone Soup version 0.29-a0-341-g24ffce5b50 (webtiles) character file.

Game seed: 10636282205395522954

120 spaghetti the Ruffian (level 5, 0/49 HPs)
             Began as a Naga Berserker on Apr 20, 2022.
             Was a Believer of Trog.
             Slain by a sky beast (6 damage)
             ... on level 4 of the Dungeon.
             The game lasted 00:05:21 (3470 turns).

spaghetti the Ruffian (Naga Berserker)              Turns: 3470, Time: 00:05:22

Health: 0/49       AC:  9    Str: 19    XL:     5   Next: 4%
Magic:  5/5        EV:  8    Int:  8    God:    Trog [**....]
Gold:   135        SH:  0    Dex: 12    Spells: 4/4 levels left

rFire   . . .      SeeInvis +     - Unarmed
rCold   . . .      Faith    .   c - orb {*Rage}
rNeg    + + .      Spirit   .   n - +3 scale mail {rN+}
rPois   +          Reflect  .   j - +1 hat {Stlth+}
rElec   .          Harm     .   (no cloak)
rCorr   .          Rampage  .   (no gloves)
Will    ++...      Rage     20% (no barding)
Stlth   ++........              (no amulet)
HPRegen 1.16/turn               b - ring of positive energy
MPRegen 0.09/turn               (no ring)

@: strong-willed, on berserk cooldown, regenerating, very slow
A: AC +1, large, see invisible, deformed body, poison resistance, slowness 2,
spit poison 1, naga tail 1
a: Spit Poison, Renounce Religion, Berserk, Trog's Hand


You were on level 4 of the Dungeon.
You worshipped Trog.
Trog was pleased with you.
You visited 1 branch of the dungeon, and saw 4 of its levels.

You collected 135 gold pieces.


Innate Abilities, Weirdness & Mutations

Your serpentine skin is tough. (AC +1)
You have supernaturally acute eyesight. (SInv)
Armour fits poorly on your strangely shaped body.
Your system is resistant to poisons. (rPois)
You cover ground very slowly.
You can spit poison.
You have a snake-like lower body.


   Skills:
 + Level 3.4 Fighting
 - Level 0.3 Bows
 + Level 2.0 Armour
 + Level 2.0 Dodging
 * Level 2.7 Stealth
 * Level 4.2 Unarmed Combat


You had 4 spell levels left.
You didn't know any spells.
Your spell library contained the following spells:

 Spells                   Type           Power      Damage    Failure   Level
 Foxfire                  Conj/Fire      0%         2x1d4     78%         1
 Freeze                   Ice            0%         1d3       78%         1
 Sting                    Tmut/Pois      0%         1d3       78%         1
 Poisonous Vapours        Pois/Air       0%         N/A       89%         2
 Conjure Flame            Conj/Fire      0%         6-21      98%         3
 Frozen Ramparts          Ice            0%         1d2       98%         3
 Gell's Gravitas          Tloc           0%         N/A       98%         3
 Inner Flame              Hex/Fire       0%         N/A       98%         3
 Lesser Beckoning         Tloc           0%         N/A       98%         3
 Teleport Other           Tloc           0%         N/A       98%         3
 Flame Wave               Conj/Fire      0%         2d4       100%        4
 Hailstorm                Conj/Ice       0%         3d3       100%        4
 Olgreb's Toxic Radiance  Pois           0%         N/A       100%        4

Inventory:

Missiles
 f - 133 stones (quivered) {throwing}
 l - 3 javelins {throwing}
 r - a throwing net {=f!fthrowing}
Armour
 a - a +0 animal skin
 c - an orb of wrath (worn)
   (You found it on level 1 of the Dungeon)
 j - a +1 hat of stealth (worn)
   (You found it on level 2 of the Dungeon)
 n - a +3 scale mail of positive energy (worn)
   (You took it off Terence on level 2 of the Dungeon)
Jewellery
 b - a ring of positive energy (left hand)
   (You found it on level 1 of the Dungeon)
 p - a ring of protection from fire
   (You found it on level 3 of the Dungeon)
Wands
 s - a wand of acid (13)
   (You found it on level 3 of the Dungeon)
Scrolls
 d - a scroll of fear {unknown}
 e - a scroll of teleportation {unknown}
 i - 4 scrolls of identify {unknown}
 o - 2 scrolls of fog {unknown}
 q - a scroll of immolation {unknown}
Potions
 g - a potion of magic {unknown}
 h - a potion of curing {unknown}
 k - a potion of heal wounds {unknown}
 m - 2 potions of brilliance {unknown}

Dungeon Overview and Level Annotations

Branches:
Dungeon (4/15)
 Temple: D:4-7

Altars:
Ru
Trog
Yredelemnul

Shops:
D:1

(*? ............
........... ...........
..........
#....(..#######
#.......#.....#
#.....Y.#.....#
#.....@.#.....#
#......†#.....#
#.......'.....+
#.......#.....#
#######.......#.....#
#.......#'#####.....#
#.......#...............
#.......#...............
#.......+...............


You could see a sky beast (invisible).


Message History

😎 HP[+24]
You now have 73 max hp (+24).
Your hp is fully restored (73).
No target in range!
No target in range!
No target in range!
No target in range!
No target in range!
No target in range!
No target in range!
No target in range!
No target in range!
No target in range!
No target in range!
No target in range!
You feel a strong urge to attack something.
There is an open door here.
You see here a hobgoblin corpse.
You feel your anger nearly subside.
You are no longer berserk.
You are exhausted.
You feel yourself slow down. The sky beast hits you.
The sky beast shocks you. 😕 HP[-30]
You now have 49 max hp (-24).
You take 30 damage, and now have 43/49 hp.
MASSIVE DAMAGE!! (PAUSE)
You hit the sky beast but do no damage.
The sky beast hits you but does no damage. x2
You completely miss the sky beast.
The sky beast hits you but does no damage.
You closely miss the sky beast.
The sky beast flickers out of sight for a moment.
The sky beast hits you but does no damage. x2
You closely miss the sky beast.
The sky beast hits you but does no damage. 😕 HP[+1]
You hit the sky beast. The sky beast hits you.
The sky beast shocks you. 😮 HP[-9]
You take 9 damage, and now have 35/49 hp.
You closely miss the sky beast. The sky beast barely misses you.
The sky beast hits you. The sky beast shocks you. 😮 HP[-6]
You take 6 damage, and now have 29/49 hp.
You hit the sky beast.
The sky beast hits you but does no damage.
You completely miss the sky beast.
The sky beast hits you but does no damage.
You hit the sky beast but do no damage.
The sky beast closely misses you. 😮 HP[+1]
You punch the sky beast!
The sky beast hits you but does no damage. x2
You hit the sky beast but do no damage.
The sky beast hits you but does no damage.
You hit the sky beast. The sky beast hits you. The sky beast shocks you.
* * * LOW HITPOINT WARNING * * *
The sky beast barely misses you. 😨 HP[-6]
You take 6 damage, and now have 24/49 hp.
You hit the sky beast.
The sky beast hits you but does no damage. 😮 HP[+1]
You miss the sky beast.
The sky beast hits you but does no damage.
You barely miss the sky beast. The sky beast barely misses you.
The sky beast hits you but does no damage.
You closely miss the sky beast. The sky beast hits you.
* * * LOW HITPOINT WARNING * * *
The sky beast shocks you.
* * * LOW HITPOINT WARNING * * *
😨 HP[-9]
You take 9 damage, and now have 16/49 hp.
You hit the sky beast but do no damage.
The sky beast hits you but does no damage. x2
Aiming: Spit Poison (1% risk of failure)
Press: ? - help, Shift-Dir - straight line, f - sky beast
Aim: a sky beast (severely wounded, 45% to hit)
You fail to use your ability.
The sky beast flickers out of sight for a moment.
The sky beast closely misses you. 😨 HP[+1]
Aiming: Spit Poison (1% risk of failure)
Press: ? - help, Shift-Dir - straight line, f/p - sky beast
Aim: a sky beast (severely wounded, slightly transparent, 45% to hit)
The splash of poison misses the sky beast.
The sky beast barely misses you. x2
You closely miss the sky beast. The sky beast barely misses you.
You closely miss the sky beast.
The sky beast hits you but does no damage. x2
You hit the sky beast. The sky beast hits you.
* * * LOW HITPOINT WARNING * * *
The sky beast shocks you.
* * * LOW HITPOINT WARNING * * *
😱 HP[-8]
You take 8 damage, and now have 9/49 hp.
Your skin crawls.
You feel strong-willed.
You feel yourself speed up.
You have got your breath back.
The sky beast hits you.
* * * LOW HITPOINT WARNING * * *
The sky beast shocks you.
You die...

Skill      XL: |  1  2  3  4 |
---------------+-------------+-----
Stealth        | 1 2 |  2.7
Unarmed Combat | 4 |  4.2
Armour         | 2 |  2.0
Dodging        | 2 |  2.0
Fighting       | |  3.4
Bows           | |  0.3

Action                   |  1- 3 |  4- 6 || total
-------------------------+-------+-------++-------
Melee: Unarmed           |   107 |    69 ||   176
Throw: Stone             |       |    32 ||    32
Invok: Trog's Hand       |       |     1 ||     1
 Abil: Spit Poison       |     8 |     1 ||     9
 Stab: Sleeping          |     3 |     1 ||     4
Armor: Animal skin       |    26 |     4 ||    30
       Scale mail        |       |    27 ||    27
Dodge: Dodged            |    64 |    26 ||    90

Levels and vault maps discovered:
D:1:      tarquinn_simple_flora_water_d, layout_basic, serial_shops,
          nicolae_shop_bloodbath_and_beyond, shop, shop,
          chequers_ecumenical_altar_simple_redux
D:2:      layout_loops_ring, kennysheep_path_1, uniq_terence
D:3:      layout_loops_corners, mainiacjoe_overflow_small_starburst,
          jmf_multi_god_temple2
D:4:      layout_gridville, minmay_temple_entry_mini_moons, uniq_eustachio

Notes
Turn   | Place    | Note
-------+----------+-------------------------------------------
     0 | D:1      | spaghetti the Naga Berserker began the quest for the Orb.
     0 | D:1      | Reached XP level 1. HP: 21/21 MP: 1/1
     0 | D:1      | magus.rc [v1.9.6]
   232 | D:1      | You pick up a book of Frost {forbidden} and begin
                  | reading...
   232 | D:1      | You add the spells Freeze, Frozen Ramparts and Hailstorm to
                  | your library.
   320 | D:1      | Found Nyr Buyx's Assorted Antiques.
   326 | D:1      | Reached XP level 2. HP: 24/28 MP: 2/2
   383 | D:1      | Found a faded altar of an unknown god.
   474 | D:1      | HP: 7/28 [frilled lizard (2)]
   792 | D:1      | Found Tousupae's Magic Scroll Boutique.
   814 | D:1      | Found Luit's Weapon Shop.
   859 | D:1      | You add the spells Sting, Poisonous Vapours and Olgreb's
                  | Toxic Radiance to your library.
   927 | D:1      | You pick up a book of Displacement {forbidden} and begin
                  | reading...
   927 | D:1      | You add the spells Lesser Beckoning, Gell's Gravitas and
                  | Teleport Other to your library.
  1335 | D:2      | Reached XP level 3. HP: 25/34 MP: 3/3
  1790 | D:2      | Reached skill level 1 in Stealth
  1867 | D:2      | Reached ** piety under Trog
  1925 | D:2      | Reached XP level 4. HP: 40/42 MP: 4/4
  1933 | D:2      | Reached skill level 4 in Unarmed Combat
  2182 | D:2      | Noticed Terence
  2191 | D:2      | Killed Terence
  2192 | D:2      | Reached skill level 2 in Stealth
  2274 | D:2      | You pick up a book of Flames {forbidden} and begin
                  | reading...
  2274 | D:2      | You add the spells Foxfire, Conjure Flame, Inner Flame and
                  | Flame Wave to your library.
  2489 | D:3      | Found a sacrificial altar of Ru.
  2557 | D:3      | Found a large runed translucent door.
  2558 | D:3      | Found a large runed translucent door.
  3289 | D:3      | Found a basalt altar of Yredelemnul.
  3296 | D:3      | Reached skill level 2 in Armour
  3298 | D:3      | Found a bloodstained altar of Trog.
  3330 | D:4      | Reached skill level 2 in Dodging
  3341 | D:4      | Reached XP level 5. HP: 49/49 MP: 5/5
  3442 | D:4      | Noticed a sky beast
  3469 | D:4      | HP: 9/49 [sky beast (5)]
  3470 | D:4      | Slain by a sky beast

Vanquished Creatures
  Terence (D:2)
  2 adders
  3 worms
  4 ball pythons
  6 endoplasms
  3 giant cockroaches
  5 goblins
  8 hobgoblins
  11 jackals
  4 kobolds
  3 quokkas
  4 bats
  3 frilled lizards
  3 rats
60 creatures vanquished.

Table legend:
 A = Non-vault XP
 B = Vault XP
 C = Vault XP percentage of total XP
 D = Non-vault monster count
 E = Vault monster count
 F = Vault count percentage of total count
                 A         B        C        D         E       F
            +---------+---------+-------+---------+---------+-------
      Total |     129 |      43 |  25.0 |      57 |       3 |   5.0
            +---------+---------+-------+---------+---------+-------
        D:1 |      24 |       0 |   0.0 |      14 |       0 |   0.0
        D:2 |      71 |      36 |  33.6 |      31 |       1 |   3.1
        D:3 |      10 |       7 |  41.2 |       5 |       2 |  28.6
        D:4 |      24 |       0 |   0.0 |       7 |       0 |   0.0
            +---------+---------+-------+---------+---------+-------

Illustrated notes

Table legend:
 A = Kills in this place as a percentage of kills in entire the game.
 B = Kills by you in this place as a percentage of kills by you in the entire game.
 C = Kills by friends in this place as a percentage of kills by friends in the entire game.
 D = Other kills in this place as a percentage of other kills in the entire game.
 E = Experience gained in this place as a percentage of experience gained in the entire game.
 F = Experience gained in this place divided by the number of levels of this place that you have seen.
                   A       B       C       D       E      F
               +-------+-------+-------+-------+-------+----------------------
         Total | 100.0 | 100.0 |   N/A |   N/A | 100.0 |  43.0
       Dungeon | 100.0 | 100.0 |   N/A |   N/A | 100.0 |  43.0
               +-------+-------+-------+-------+-------+----------------------

Table legend: (Time is in decaauts)
 A = Elapsed time spent in this place.
 B = Non-inter-level travel time spent in this place.
 C = Inter-level travel time spent in this place.
 D = Time resting spent in this place.
 E = Time spent auto-exploring this place.
 F = Levels seen in this place.
 G = Mean time per level.
                   A        B        C        D        E       F      G
               +--------+--------+--------+--------+--------+-----+--------+
         Total |   4482 |   4333 |    149 |    478 |   3281 |   4 | 1120.5 |
       Dungeon |   4482 |   4333 |    149 |    478 |   3281 |   4 | 1120.5 |
               +--------+--------+--------+--------+--------+-----+--------+

Top non-repeatable levels by time:
     D:2: 1540 daAuts
     D:3: 1373 daAuts
     D:1: 1359 daAuts
     D:4: 208 daAuts
